 Dungeon Crawl Stone Soup version 0.20.0-8-g6b59dc7 (webtiles) character file.

5512 Gravenous the Grappler (level 10, 0/89 HPs)
             Began as a Ghoul Warper on May 31, 2017.
             Was a Follower of Dithmenos.
             Slain by a porcupine (2 damage)
             ... on level 8 of the Dungeon.
             The game lasted 00:17:17 (8758 turns).

Gravenous the Grappler (Ghoul Warper)               Turns: 8758, Time: 00:17:17

Health: 0/89       AC:  9    Str: 19    XL:     10   Next: 70%
Magic:  12/12      EV:  2    Int:  8    God:    Dithmenos [*.....]
Gold:   296        SH:  0    Dex:  8    Spells: 2/12 levels left

rFire    . . .     SeeInvis .     - Unarmed
rCold    + . .     Gourm    .   (no shield)
rNeg     + + +     Faith    .   j - +0 scale mail
rPois    ∞         Spirit   .   (no helmet)
rElec    .         Reflect  .   (no cloak)
rCorr    .         Harm     .   (no gloves)
MR       .....                  a - +0 pair of boots
Stlth    +.........             (no amulet)
Regen    0.0/turn               k - ring of stealth
MPRegen  0.2/turn               (no ring)

@: petrified, rotting, wreathed by umbra
A: rotting body, claws 1, carnivore 3, cold resistance 1, negative energy
resistance 3, inhibited regeneration, torment resistance, unbreathing
a: Renounce Religion


You were on level 8 of the Dungeon.
You worshipped Dithmenos.
Dithmenos was aware of your devotion.
You were not hungry.

You visited 2 branches of the dungeon, and saw 9 of its levels.
You also visited: Sewer.

You collected 296 gold pieces.

Inventory:

Hand Weapons
 n - a +4 blowgun
Missiles
 d - 3 tomahawks of dispersal (quivered)
 o - 9 poisoned needles
 v - 10 tomahawks
Armour
 a - a +0 pair of boots (worn)
 j - a +0 scale mail (worn)
Jewellery
 k - a ring of stealth (left claw)
Wands
 g - a wand of acid (10/15)
Scrolls
 b - a scroll of enchant weapon
 c - 2 scrolls of blinking
 e - 6 scrolls of teleportation
 i - a scroll of amnesia
 p - 2 scrolls of remove curse
 s - a scroll of identify
 t - a scroll of recharging
Potions
 l - a potion of might
 m - a potion of brilliance
 q - 3 potions of heal wounds
 w - 3 potions of curing
Comestibles
 f - 4 meat rations
 h - 2 royal jellies
 r - 2 chunks of flesh


   Skills:
 + Level 8.3 Fighting
 - Level 0.8 Throwing
 + Level 6.7 Armour
 - Level 1.7 Dodging
 * Level 11.7 Unarmed Combat
 - Level 1.7 Spellcasting
 - Level 2.6 Translocations
 + Level 4.1 Evocations


You had 2 spell levels left.
You knew the following spells:

 Your Spells              Type           Power        Failure   Level  Hunger
a - Blink                 Tloc           N/A          45%         2    ###....
b - Lesser Beckoning      Tloc           #.........   69%         3    ####...
c - Passage of Golubria   Tloc           N/A          97%         4    #####..
d - Apportation           Tloc           #.....       32%         1    ##.....


Dungeon Overview and Level Annotations

Branches:
Dungeon (8/15)             Temple (1/1) D:5
   Lair: D:8-11

Altars:
Ashenzari
Dithmenos
Elyvilon
Fedhas
Gozag
Hepliaklqana
Kikubaaqudgha
Makhleb
Okawaru
Qazlal
Ru
Sif Muna
Trog
Uskayaw
Vehumet
Xom
Yredelemnul
Zin
The Shining One

Shops:
D:4 ([?*}   D:5 *


Innate Abilities, Weirdness & Mutations

Your body is rotting away.
You thrive on raw meat.
You are immune to poison.
You have sharp fingernails.
You are carnivorous and can eat meat at any time.
Your flesh is cold resistant. (rC+)
You are immune to negative energy. (rN+++)
You do not regenerate when monsters are visible.
You are immune to unholy pain and torment.
You can survive without breathing.


Message History

* * * LOW HITPOINT WARNING * * *
The porcupine bites you but does no damage.
The basilisk bites you.
* * * LOW HITPOINT WARNING * * *
The yak gores you!
* * * LOW HITPOINT WARNING * * *
The porcupine bites you.
* * * LOW HITPOINT WARNING * * *
The basilisk barely misses you. The basilisk bites you!
* * * LOW HITPOINT WARNING * * *
The yak gores you!
* * * LOW HITPOINT WARNING * * *
The porcupine bites you!
* * * LOW HITPOINT WARNING * * *
The basilisk bites you.
* * * LOW HITPOINT WARNING * * *
The basilisk gazes at you. You resist with some effort. The yak gores you.
The porcupine bites you.
You die...

#... ###.###.#
###...##...... .
...........# ..
<.(.....[..# .P
....|.....## .. .
.......<..# .♣...
......##.s####....PP
.....###Yl.YY.....P.
.#.#....@lYY........
# #####)r#####.....
#..# ..P. #..# ...
#... .. ..### # ####


You could see 5 yaks, 2 basilisks, a scorpion and a porcupine.

Vanquished Creatures
  Erica (D:8)
  A two-headed ogre (D:8)
  Pikel (D:5)
  A hippogriff (D:7)
  6 yaks
  A basilisk (D:8)
  Duvessa (D:4)
  2 porcupines (D:8)
  A slave (D:5)
  A sky beast (D:7)
  An ice beast (D:6)
  A phantom (D:5)
  2 necrophages
  A centaur (D:7)
  4 ogres
  A crocodile (Sewer)
  A bullfrog (D:7)
  Dowan (D:4)
  2 scorpions
  2 bullfrog zombies (D:5)
  3 crimson imps
  3 hounds
  A jelly (D:6)
  3 orc priests
  5 iguanas
  Natasha (D:4)
  4 orc wizards
  6 worker ants
  A hound zombie (D:6)
  5 gnolls
  7 adders
  2 shadow imps
  An ooze (D:2)
  3 adder skeletons
  2 worms
  2 dart slugs
  3 leopard geckos
  28 orcs
  2 ball pythons
  12 bats
  3 giant cockroaches
  6 goblins
  7 hobgoblins
  11 jackals
  4 quokkas
  8 frilled lizards
  A jackal skeleton (D:4)
  A jackal zombie (D:3)
  7 kobolds
  A leopard gecko skeleton (D:5)
  2 quokka skeletons
  A quokka zombie (D:7)
  7 rats
185 creatures vanquished.

Vanquished Creatures (others)
  An orc priest (D:4)
  An ooze (D:4)
  2 fungi (D:8)
  7 plants (D:8)
11 creatures vanquished.

Grand Total: 196 creatures vanquished

Notes
Turn   | Place    | Note
-------+----------+-------------------------------------------
     0 | D:1      | Gravenous the Ghoul Warper began the quest for the Orb.
     0 | D:1      | Reached XP level 1. HP: 17/17 MP: 2/2
    12 | D:1      | Reached skill level 1 in Armour
    70 | D:1      | Reached XP level 2. HP: 25/25 MP: 3/3
   434 | D:1      | Reached skill level 3 in Unarmed Combat
   434 | D:1      | Reached XP level 3. HP: 14/30 MP: 4/4
  1131 | D:2      | Reached XP level 4. HP: 38/38 MP: 5/5
  1207 | D:2      | Found a basalt altar of Yredelemnul.
  1835 | D:3      | Reached skill level 4 in Unarmed Combat
  2105 | D:3      | Reached XP level 5. HP: 43/45 MP: 6/6
  2515 | D:4      | Noticed a yak
  2515 | D:4      | Noticed a yak
  2515 | D:4      | Noticed a yak
  2515 | D:4      | Noticed a yak
  2515 | D:4      | Noticed a yak
  2515 | D:4      | Noticed a yak
  2531 | D:3      | Killed a yak
  2531 | D:3      | Reached skill level 5 in Unarmed Combat
  2531 | D:3      | Reached XP level 6. HP: 22/52 MP: 7/7
  2690 | D:4      | Found Sauc's Gadget Shoppe.
  2809 | D:3      | Killed a yak
  2809 | D:3      | Reached XP level 7. HP: 18/60 MP: 8/8
  3397 | D:3      | Killed a yak
  3397 | D:3      | Reached skill level 6 in Unarmed Combat
  3753 | D:3      | Killed a yak
  3753 | D:3      | Reached skill level 5 in Fighting
  4218 | D:4      | Reached skill level 7 in Unarmed Combat
  4224 | D:4      | Reached XP level 8. HP: 23/66 MP: 9/9
  4403 | D:4      | Killed a yak
  4418 | D:4      | Found Lainkil's Armour Boutique.
  4418 | D:4      | Found Xetoyrag's Magic Scroll Shoppe.
  4423 | D:4      | You fall through a shaft for 3 floors!
  4427 | D:7      | HP: 2/69 [hound (3)]
  5039 | D:7      | Reached skill level 8 in Unarmed Combat
  5521 | D:6      | Reached skill level 5 in Armour
  5521 | D:6      | Reached XP level 9. HP: 78/78 MP: 10/10
  5542 | D:6      | Reached skill level 9 in Unarmed Combat
  5641 | D:6      | Found a glowing drain.
  5674 | Sewer    | Entered a sewer
  5908 | D:5      | Entered Level 5 of the Dungeon
  5937 | D:4      | Found Gauneru's Assorted Antiques.
  5969 | D:4      | Noticed Pikel
  5984 | D:5      | Killed Pikel
  5984 | D:5      | Reached skill level 1 in Evocations
  6073 | D:4      | Noticed Duvessa
  6077 | D:4      | Reached skill level 10 in Unarmed Combat
  6149 | D:4      | Noticed Dowan
  6158 | D:4      | Killed Duvessa
  6312 | D:4      | Killed Dowan
  6351 | D:4      | Found Zekit's Weapon Emporium.
  6449 | D:4      | Noticed Natasha
  6452 | D:4      | Killed Natasha
  6995 | D:5      | Found a staircase to the Ecumenical Temple.
  7029 | Temple   | Entered the Ecumenical Temple
  7095 | Temple   | Became a worshipper of Dithmenos the Shadowed
  7286 | D:6      | Reached XP level 10. HP: 86/86 MP: 11/11
  7816 | D:6      | Learned a level 2 spell: Blink
  7820 | D:6      | Learned a level 3 spell: Lesser Beckoning
  7825 | D:6      | Learned a level 4 spell: Passage of Golubria
  8061 | D:7      | Learned a level 1 spell: Apportation
  8223 | D:7      | Reached * piety under Dithmenos
  8377 | D:8      | Noticed Erica
  8397 | D:7      | Reached skill level 11 in Unarmed Combat
  8442 | D:8      | Killed Erica
  8473 | D:8      | Noticed a two-headed ogre
  8476 | D:8      | Killed a two-headed ogre
  8757 | D:8      | HP: 4/89 [porcupine (4)]
  8758 | D:8      | Slain by a porcupine

Skill      XL: |  1  2  3  4  5  6  7  8  9 10 |
---------------+-------------------------------+-----
Armour         | 1 2 3 5 6 |  6.7
Unarmed Combat | 3 4 5 7 8 10 11 | 11.7
Fighting       | 3 4 5 6 7 8 |  8.3
Evocations     | 2 4 |  4.1
Throwing       | |  0.8
Dodging        | |  1.7
Spellcasting   | |  1.7
Translocations | |  2.6

Action                   |  1- 3 |  4- 6 |  7- 9 | 10-12 || total
-------------------------+-------+-------+-------+-------++-------
Melee: Unarmed           |   160 |   123 |   414 |   101 ||   798
       Punch             |       |     4 |     8 |     3 ||    15
Throw: Tomahawk          |       |       |     2 |       ||     2
Evoke: Wand              |       |       |       |     2 ||     2
  Use: Scroll            |     3 |     2 |    11 |     2 ||    18
       Potion            |       |       |     4 |     2 ||     6
  Eat: Chunk             |     4 |     7 |    22 |     8 ||    41
Armor: Leather armour    |    19 |       |       |       ||    19
       Scale mail        |    82 |    52 |   120 |    37 ||   291
Dodge: Dodged            |   104 |    44 |   144 |    41 ||   333
